 Dungeon Crawl Stone Soup version bcrawl-1.38.1 (webtiles) character file.

Game seed: 4138699285122120138

192899 Morbidden the Sneak (level 5, -5/29 HPs)
             Began as a Vine Stalker Archaeologist on Mar 30, 2023.
             Slain by a bullfrog (10 damage)
             ... on level 3 of the Dungeon.
             The game lasted 00:03:09 (2097 turns).

Morbidden the Sneak (Vine Stalker Archaeologist)    Turns: 2097, Time: 00:03:10

Health: -5/29      AC:  9    Str: 14    XL:     5   Next: 98%
Magic:  8/8        EV: 10    Int: 20    God:
Gold:   112        SH:  0    Dex: 12    Spells: 7/7 levels left

rFire    . . .     GDR:     25% a - +0 whip
rCold    . . .     SeeInvis .   (no shield)
rNeg     . . .     Gourm    .   c - +0 scale mail
rPois    .         Faith    .   d - +1 hat
rElec    .         Spirit   .   h - scarf of Pandemonium {+Inv, Regen+ Int+5 Stlth+}
rCorr    .         Reflect  .   (no gloves)
MR       .....                  o - +1 pair of boots
Stlth    ++........             (no amulet)
HPRegen  0.94/turn              (no ring)
MPRegen  0.11/turn              (no ring)

@: no status effects
A: fangs 2, regeneration 1, no potion heal 3, rot immunity, strong jaws
a: Evoke Invisibility


You were on level 3 of the Dungeon.
You were not hungry.

You visited 1 branch of the dungeon, and saw 3 of its levels.

You collected 112 gold pieces.

Inventory:

Hand Weapons
 a - a +0 whip (weapon)
 b - a +0 blowgun
Missiles
 f - 6 curare-tipped needles
 u - 37 poisoned needles
Armour
 c - a +0 scale mail (worn)
 d - a +1 hat (worn)
 h - the scarf of Pandemonium (worn) {+Inv, Regen+ Int+5 Stlth+}
   (You acquired it on level 3 of the Dungeon)

   It affects your intelligence (+5).
   It increases your rate of regeneration.
   It makes you more stealthy.
 o - a +1 pair of boots (worn)
Scrolls
 g - a scroll of magic mapping
 i - 4 scrolls of identify
 l - a scroll of noise {unknown}
 m - a scroll of remove curse {unknown}
 n - 2 scrolls of enchant armour {unknown}
 t - a scroll of blinking {unknown}
 v - a scroll of teleportation {unknown}
 w - a scroll of immolation {unknown}
Potions
 j - 2 potions of degeneration {unknown}
 k - a potion of lignification {unknown}
 p - a potion of mutation {unknown}
 q - a potion of heal wounds {unknown}
 r - a potion of magic {unknown}
 s - a potion of might {unknown}
Comestibles
 e - 6 rations {!d}


   Skills:
 * Level 1.4 Fighting
 * Level 2.5 Maces & Flails
 * Level 1.1 Throwing
 * Level 1.7 Armour
 * Level 4.1 Dodging
 + Level 4.9 Stealth
 * Level 1.5 Spellcasting
 * Level 1.0 Evocations


You had 7 spell levels left.
You didn't know any spells.
Your spell library was empty.

Dungeon Overview and Level Annotations

Branches:
Dungeon (3/12)

Altars:
Gozag
Uskayaw


Innate Abilities, Weirdness & Mutations

You have extremely sharp teeth.
Your natural rate of healing is unusually fast.
Potions cannot restore your health.
You are immune to rotting.
Your bites deal extra damage.


Message History

You kill the quokka!
The bullfrog hits you but does no damage.
You hit the bullfrog.
The bullfrog is moderately wounded.
The bullfrog hits you!
Your scale mail prevents you from hitting the bullfrog.
The bullfrog is moderately wounded.
The bullfrog barely misses you.
The bullfrog hits you but does no damage.
You hit the bullfrog.
The bullfrog is heavily wounded.
The bullfrog hits you!
* * * LOW HITPOINT WARNING * * *
The bullfrog hits you.
* * * LOW HITPOINT WARNING * * *
You closely miss the bullfrog.
You bite the bullfrog, but do no damage.
The bullfrog is heavily wounded.
The bullfrog hits you!
You die...

#. #... #. #..# #. #..####
#. #..... ###.##### #....
#.......###..##
#.##.#.##.#.##<..####.#
#......F@###...#.........
.....#.##.#.##...####....
### #.# #.###...........
#.# #.# #.#.####>... #.#
#.###.#.# #
...#####.###.....#.##....##
....................>....##
...#####.##.##.###.......##
#.##.##.# ##.....##


You could see a bullfrog.

Vanquished Creatures
  A hound (D:2)
  A bullfrog skeleton (D:3)
  An orc wizard (D:3)
  A worker ant (D:3)
  2 adders
  An ooze (D:3)
  6 worms
  5 dart slugs
  6 leopard geckos
  2 orcs (D:3)
  A giant cockroach (D:1)
  4 goblins
  7 hobgoblins
  3 jackals (D:1)
  A quokka (D:3)
  4 bats
  9 kobolds
  2 rats (D:1)
57 creatures vanquished.

Notes
Turn   | Place    | Note
-------+----------+-------------------------------------------
     0 | D:1      | Morbidden the Vine Stalker Archaeologist began the quest
                  | for the Orb.
     0 | D:1      | Reached XP level 1. HP: 11/11 MP: 2/2
   242 | D:1      | Reached XP level 2. HP: 16/16 MP: 3/3
   285 | D:1      | Reached skill level 1 in Maces & Flails
   290 | D:1      | Reached skill level 1 in Fighting
   591 | D:1      | Reached XP level 3. HP: 20/20 MP: 4/4
  1080 | D:2      | Reached XP level 4. HP: 25/25 MP: 4/6
  1148 | D:2      | Reached skill level 1 in Spellcasting
  1199 | D:2      | Found a hide-covered altar of Uskayaw.
  1283 | D:2      | Found an opulent altar of Gozag.
  1680 | D:3      | Reached XP level 5. HP: 8/29 MP: 7/7
  1680 | D:3      | Identified a scroll of acquirement
  1680 | D:3      | Identified the +6 great mace of Extinguishment {pain, rC+
                  | Dex+6} (You acquired it on level 3 of the Dungeon)
  1680 | D:3      | Identified the scarf of Pandemonium {+Inv, Regen+ Int+5
                  | Stlth+} (You acquired it on level 3 of the Dungeon)
  1680 | D:3      | Identified the ring "Beucef" {rF+ rC+ Str+5 Dex+3 Stlth+}
                  | (You acquired it on level 3 of the Dungeon)
  1690 | D:3      | Reached skill level 1 in Throwing
  1690 | D:3      | Reached skill level 1 in Armour
  1863 | D:3      | Reached skill level 1 in Evocations
  2085 | D:3      | Noticed a bullfrog
  2097 | D:3      | Slain by a bullfrog

Skill      XL: |  1  2  3  4  5 |
---------------+----------------+-----
Maces & Flails | 1 2 |  2.5
Fighting       | 1 |  1.4
Spellcasting   | 1 |  1.5
Throwing       | 1 |  1.1
Armour         | 1 |  1.7
Dodging        | 4 |  4.1
Evocations     | 1 |  1.0
Stealth        | |  4.9

Action                   |  1- 3 |  4- 6 || total
-------------------------+-------+-------++-------
Melee: Whip              |   102 |   187 ||   289
       Bite              |     5 |    24 ||    29
  Use: Scroll            |       |     1 ||     1
 Stab: Sleeping          |     5 |     3 ||     8
  Eat: Chunk             |     3 |     9 ||    12
Armor: Robe              |    14 |       ||    14
       Scale mail        |    18 |    93 ||   111
Dodge: Dodged            |    62 |    92 ||   154
